General information
- name: BNet
- type: Ladder team game (AT/RT)
- host: Battle.net
- saver: Shadow303
map: Deadlands
- players: 8
- length: 36:54
- speed: Fast
- version: 1.26 W3XP
- replay type: Public
» download(225 KB)
Players
team 1 (winner)

»
Shadow303 (
teal | 74 APM | 2740 actions | 36:54)
7 Paladin
3 Holy Light
3 Divine Shield
1 Resurrection
4 Archmage
2 Summon Water Elemental
2 Brilliance Aura
» actions
| Assign group hotkey | 4 | |
| Basic commands | 108 | |
| Build / train | 123 | |
| ESC pressed | 9 | |
| Enter build submenu | 22 | |
| Enter hero's abilities submenu | 11 | |
| Give item / drop item | 3 | |
| Right click | 1907 | |
| Select / deselect | 394 | |
| Select group hotkey | 31 | |
| Use ability | 128 | |
2740 total
» units
| Peasant | 37 | |
| Footman | 5 | |
| Rifleman | 13 | |
| Sorceress | 10 | |
| Knight | 4 | |
| Priest | 2 | |
71 total
» upgrades
| Long Rifles | 1 | |
| Gunpowder | 3 | |
| Lumber Harvesting | 2 | |
| Masonry | 3 | |
| Magic Sentry | 1 | |
| Sorceress Training | 2 | |
| Animal War Training | 1 | |
| Plating | 3 | |
| Swords | 3 | |
| Armor | 3 | |
| Priest Training | 2 | |
| Control Magic | 1 | |
25 total
» buildings
| Farm | 10 | |
| Barracks | 2 | |
| Altar of Kings | 1 | |
| Keep | 3 | |
| Blacksmith | 1 | |
| Arcane Vault | 1 | |
| Lumber Mill | 1 | |
| Castle | 1 | |
| Arcane Sanctum | 3 | |
| Scout Tower | 3 | |
| Town Hall | 6 | |
32 total
» build order
00:10 Farm
00:11 Farm
00:40 Barracks
00:43 Altar of Kings
06:32 Keep
06:33 Keep
06:38 Barracks
06:40 Farm
06:42 Farm
07:30 Blacksmith
07:31 Arcane Vault
07:36 Lumber Mill
09:43 Castle
10:43 Farm
10:43 Farm
11:10 Farm
11:11 Farm
12:54 Arcane Sanctum
13:00 Arcane Sanctum
13:10 Arcane Sanctum
13:37 Scout Tower
13:38 Scout Tower
13:40 Scout Tower
15:00 Town Hall
18:24 Town Hall
20:08 Farm
20:09 Farm
23:31 Town Hall
26:57 Town Hall
29:14 Town Hall
35:24 Town Hall
» items
| Scroll of Town Portal | 3 | |
| Dust of Appearance | 1 | |
| Orb of Corruption | 1 | |
| Potion of Mana | 2 | |
| Potion of Healing | 2 | |
9 total
xIAolOrd (
blue | 69 APM | 2537 actions | 36:54)
7 Death Knight
3 Death Coil
3 Unholy Aura
1 Animate Dead
5 Lich
3 Frost Nova
2 Frost Armor
5 Dark Ranger
3 Black Arrow
2 Silence
» actions
| Assign group hotkey | 175 | |
| Basic commands | 27 | |
| Build / train | 85 | |
| Enter build submenu | 16 | |
| Enter hero's abilities submenu | 17 | |
| Give item / drop item | 2 | |
| Remove unit from queue | 2 | |
| Right click | 1139 | |
| Select / deselect | 334 | |
| Select group hotkey | 618 | |
| Use ability | 121 | |
2537 total
» units
| Acolyte | 2 | |
| Ghoul | 6 | |
| Crypt Fiend | 23 | |
| Obsidian Statue | 8 | |
39 total
» upgrades
| Creature Attack | 3 | |
| Web | 1 | |
| Burrow | 1 | |
| Creature Carapace | 4 | |
| Destroyer Form | 1 | |
10 total
» buildings
| Graveyard | 1 | |
| Crypt | 1 | |
| Altar of Darkness | 1 | |
| Ziggurat | 7 | |
| Tomb of Relics | 1 | |
| Halls of the Dead | 1 | |
| Slaughterhouse | 3 | |
| Black Citadel | 1 | |
16 total
» build order
00:19 Graveyard
00:25 Crypt
00:42 Altar of Darkness
00:57 Ziggurat
01:19 Tomb of Relics
01:28 Ziggurat
03:49 Ziggurat
05:57 Halls of the Dead
08:57 Ziggurat
09:12 Ziggurat
10:11 Slaughterhouse
10:13 Black Citadel
10:20 Slaughterhouse
10:24 Slaughterhouse
14:55 Ziggurat
14:58 Ziggurat
» items
| Rod of Necromancy | 4 | |
| Scroll of Town Portal | 2 | |
| Scroll of Healing | 1 | |
| Orb of Corruption | 1 | |
8 total

»
ArK-NoVa (
pink | 38 APM | 1389 actions | 36:54)
8 Demon Hunter
2 Mana Burn
2 Immolation
3 Evasion
1 Metamorphosis
» actions
| Basic commands | 11 | |
| Build / train | 127 | |
| Enter build submenu | 32 | |
| Enter hero's abilities submenu | 8 | |
| Give item / drop item | 2 | |
| Remove unit from queue | 2 | |
| Right click | 774 | |
| Select / deselect | 323 | |
| Use ability | 110 | |
1389 total
» units
| Wisp | 44 | |
| Archer | 13 | |
| Druid of the Talon | 17 | |
| Dryad | 19 | |
93 total
» upgrades
| Strength of the Wild | 3 | |
| Reinforced Hides | 3 | |
| Strength of the Moon | 3 | |
| Abolish Magic | 1 | |
| Druid of the Talon Training | 2 | |
| Well Spring | 1 | |
| Ultravision | 1 | |
| Nature's Blessing | 1 | |
| Mark of the Talon | 1 | |
| Moon Armor | 1 | |
17 total
» buildings
| Altar of Elders | 1 | |
| Moon Well | 9 | |
| Ancient of War | 1 | |
| Hunter's Hall | 1 | |
| Tree of Ages | 1 | |
| Tree of Life | 1 | |
| Ancient of Wind | 1 | |
| Ancient of Lore | 1 | |
| Ancient of Wonders | 1 | |
| Tree of Eternity | 1 | |
| Ancient Protector | 15 | |
33 total
» build order
00:23 Altar of Elders
00:33 Moon Well
00:41 Ancient of War
01:44 Moon Well
02:24 Hunter's Hall
03:20 Moon Well
04:52 Moon Well
08:50 Tree of Ages
09:15 Moon Well
11:13 Tree of Life
11:35 Ancient of Wind
11:41 Ancient of Lore
12:19 Ancient of Wonders
13:23 Moon Well
14:45 Tree of Eternity
15:13 Moon Well
17:36 Moon Well
18:07 Ancient Protector
18:39 Moon Well
20:05 Ancient Protector
20:12 Ancient Protector
20:20 Ancient Protector
20:25 Ancient Protector
20:41 Ancient Protector
23:18 Ancient Protector
23:27 Ancient Protector
23:47 Ancient Protector
27:07 Ancient Protector
27:12 Ancient Protector
27:15 Ancient Protector
27:24 Ancient Protector
29:32 Ancient Protector
30:17 Ancient Protector
» items
| Scroll of Town Portal | 1 | |
| Orb of Corruption | 1 | |
| Potion of Healing | 1 | |
| Potion of Mana | 1 | |
4 total
Titans (
yellow | 44 APM | 1607 actions | 36:54)
8 Lich
3 Frost Nova
3 Frost Armor
1 Death and Decay
1 Dark Ritual
» actions
| Basic commands | 10 | |
| Build / train | 102 | |
| Enter build submenu | 27 | |
| Enter hero's abilities submenu | 8 | |
| Give item / drop item | 1 | |
| Remove unit from queue | 3 | |
| Right click | 1087 | |
| Select / deselect | 310 | |
| Use ability | 59 | |
1607 total
» units
| Acolyte | 7 | |
| Ghoul | 7 | |
| Gargoyle | 45 | |
| Crypt Fiend | 7 | |
66 total
» upgrades
| Creature Attack | 3 | |
| Creature Carapace | 3 | |
| Web | 1 | |
7 total
» buildings
| Altar of Darkness | 1 | |
| Ziggurat | 16 | |
| Crypt | 4 | |
| Nerubian Tower | 1 | |
| Graveyard | 1 | |
| Halls of the Dead | 1 | |
| Spirit Tower | 13 | |
| Tomb of Relics | 1 | |
| Necropolis | 2 | |
| Black Citadel | 1 | |
41 total
» build order
00:15 Altar of Darkness
00:19 Ziggurat
00:54 Crypt
01:23 Nerubian Tower
01:30 Graveyard
02:42 Ziggurat
02:49 Ziggurat
03:43 Halls of the Dead
04:54 Spirit Tower
04:55 Spirit Tower
10:36 Crypt
10:40 Crypt
10:44 Crypt
11:02 Ziggurat
11:05 Ziggurat
11:07 Ziggurat
11:10 Ziggurat
11:13 Ziggurat
11:48 Tomb of Relics
11:59 Spirit Tower
12:00 Spirit Tower
12:01 Spirit Tower
12:03 Spirit Tower
12:05 Spirit Tower
16:42 Ziggurat
16:44 Ziggurat
16:46 Ziggurat
16:49 Ziggurat
16:53 Ziggurat
17:34 Ziggurat
17:37 Ziggurat
17:41 Ziggurat
17:52 Necropolis
17:56 Necropolis
18:11 Black Citadel
24:11 Spirit Tower
24:12 Spirit Tower
24:14 Spirit Tower
24:15 Spirit Tower
24:16 Spirit Tower
24:18 Spirit Tower
» items
team 2 (loser)
pppnriot11 (
red | 57 APM | 1545 actions | 27:16)
4 Blood Mage
2 Flame Strike
2 Siphon Mana
» actions
| Assign group hotkey | 31 | |
| Basic commands | 41 | |
| Build / train | 70 | |
| ESC pressed | 4 | |
| Enter build submenu | 20 | |
| Enter hero's abilities submenu | 4 | |
| Right click | 738 | |
| Select / deselect | 386 | |
| Select group hotkey | 194 | |
| Use ability | 56 | |
1545 total
» units
| Peasant | 8 | |
| Footman | 7 | |
| Mortar Team | 10 | |
| Siege Engine | 11 | |
36 total
» upgrades
| Defend | 1 | |
| Lumber Harvesting | 2 | |
| Gunpowder | 3 | |
| Armor | 3 | |
| Flare | 1 | |
| Masonry | 3 | |
| Fragmentation Shards | 1 | |
| Barrage | 1 | |
| Plating | 3 | |
18 total
» buildings
| Altar of Kings | 1 | |
| Farm | 8 | |
| Barracks | 1 | |
| Scout Tower | 4 | |
| Arcane Tower | 1 | |
| Keep | 1 | |
| Lumber Mill | 1 | |
| Arcane Vault | 1 | |
| Guard Tower | 1 | |
| Blacksmith | 1 | |
| Castle | 1 | |
| Workshop | 2 | |
| Town Hall | 1 | |
24 total
» build order
00:30 Altar of Kings
00:38 Farm
00:44 Farm
00:53 Barracks
01:45 Scout Tower
02:01 Farm
02:14 Arcane Tower
02:57 Scout Tower
02:59 Scout Tower
03:25 Keep
03:33 Lumber Mill
03:39 Arcane Vault
03:59 Scout Tower
04:04 Farm
05:40 Guard Tower
06:17 Blacksmith
07:12 Castle
07:19 Farm
07:27 Farm
07:40 Workshop
07:41 Workshop
09:22 Farm
09:24 Farm
23:31 Town Hall
» items
| Scroll of Town Portal | 1 | |
| Scroll of Regeneration | 2 | |
| Potion of Healing | 1 | |
| Lesser Clarity Potion | 1 | |
5 total

»
droptactics (
orange | 26 APM | 704 actions | 27:21)
6 Paladin
3 Divine Shield
2 Devotion Aura
1 Resurrection
5 Archmage
3 Brilliance Aura
1 Blizzard
1 Summon Water Elemental
» actions
| Build / train | 89 | |
| Enter build submenu | 19 | |
| Enter hero's abilities submenu | 12 | |
| Give item / drop item | 2 | |
| Right click | 290 | |
| Select / deselect | 205 | |
| Use ability | 87 | |
704 total
» units
| Peasant | 20 | |
| Priest | 5 | |
| Sorceress | 7 | |
| Mortar Team | 12 | |
| Goblin Shredder | 5 | |
49 total
» upgrades
| Masonry | 2 | |
| Lumber Harvesting | 1 | |
| Gunpowder | 1 | |
4 total
» buildings
| Lumber Mill | 1 | |
| Scout Tower | 16 | |
| Guard Tower | 11 | |
| Farm | 14 | |
| Arcane Tower | 2 | |
| Altar of Kings | 1 | |
| Keep | 1 | |
| Arcane Sanctum | 1 | |
| Blacksmith | 1 | |
| Workshop | 1 | |
| Town Hall | 1 | |
| Castle | 5 | |
55 total
» build order
00:12 Lumber Mill
01:04 Scout Tower
01:05 Scout Tower
01:06 Scout Tower
01:35 Guard Tower
02:01 Guard Tower
02:13 Farm
02:40 Scout Tower
02:41 Scout Tower
02:42 Scout Tower
03:04 Scout Tower
03:13 Guard Tower
03:30 Arcane Tower
03:39 Arcane Tower
04:06 Altar of Kings
04:09 Farm
04:10 Farm
04:17 Scout Tower
04:18 Scout Tower
04:19 Scout Tower
04:19 Scout Tower
05:13 Keep
05:28 Guard Tower
05:29 Guard Tower
05:29 Guard Tower
05:43 Guard Tower
05:43 Guard Tower
05:49 Guard Tower
06:04 Guard Tower
08:04 Arcane Sanctum
08:55 Blacksmith
09:49 Farm
09:50 Farm
09:50 Farm
09:51 Farm
10:37 Workshop
11:24 Farm
11:25 Farm
11:27 Farm
13:31 Farm
13:32 Farm
13:32 Farm
13:32 Farm
15:39 Town Hall
15:42 Scout Tower
15:43 Scout Tower
15:47 Scout Tower
15:48 Scout Tower
15:52 Scout Tower
17:05 Castle
17:05 Castle
17:06 Castle
17:06 Castle
» items
| Scroll of Town Portal | 1 | |
| Rod of Necromancy | 1 | |
2 total

»
tony92 (
purple | 40 APM | 1482 actions | 36:53)
5 Priestess of the Moon
3 Trueshot Aura
2 Searing Arrows
» actions
| Basic commands | 17 | |
| Build / train | 103 | |
| Enter build submenu | 54 | |
| Enter hero's abilities submenu | 5 | |
| Remove unit from queue | 5 | |
| Right click | 834 | |
| Select / deselect | 388 | |
| Use ability | 76 | |
1482 total
» units
| Wisp | 23 | |
| Archer | 6 | |
| Huntress | 6 | |
| Hippogryph | 28 | |
| Chimaera | 8 | |
| Siege Engine | 4 | |
75 total
» upgrades
| Strength of the Moon | 2 | |
| Moon Armor | 2 | |
| Improved Bows | 1 | |
| Marksmanship | 1 | |
| Upgrade Moon Glaive | 1 | |
| Corrosive Breath | 1 | |
| Strength of the Wild | 1 | |
9 total
» buildings
| Altar of Elders | 1 | |
| Moon Well | 15 | |
| Ancient of War | 1 | |
| Hunter's Hall | 1 | |
| Tree of Ages | 1 | |
| Ancient Protector | 11 | |
| Tree of Eternity | 1 | |
| Ancient of Wind | 4 | |
| Chimaera Roost | 2 | |
| Tree of Life | 1 | |
| Scout Tower | 10 | |
| Guard Tower | 6 | |
| Farm | 1 | |
55 total
» build order
00:17 Altar of Elders
00:24 Moon Well
00:37 Ancient of War
02:40 Moon Well
03:30 Hunter's Hall
03:34 Moon Well
04:08 Tree of Ages
05:00 Moon Well
06:05 Moon Well
06:24 Ancient Protector
06:48 Tree of Eternity
09:08 Ancient of Wind
09:22 Moon Well
10:25 Chimaera Roost
12:01 Tree of Life
12:17 Chimaera Roost
14:06 Moon Well
17:37 Ancient of Wind
17:47 Ancient of Wind
17:51 Ancient of Wind
22:29 Ancient Protector
22:43 Ancient Protector
22:48 Ancient Protector
23:43 Moon Well
24:03 Ancient Protector
24:06 Ancient Protector
24:11 Ancient Protector
25:08 Ancient Protector
30:35 Ancient Protector
30:40 Scout Tower
30:43 Scout Tower
30:46 Scout Tower
31:01 Ancient Protector
31:14 Guard Tower
31:17 Guard Tower
31:23 Guard Tower
31:27 Scout Tower
31:33 Farm
31:41 Scout Tower
31:55 Ancient Protector
32:02 Scout Tower
32:14 Scout Tower
32:17 Scout Tower
32:36 Guard Tower
32:39 Scout Tower
32:45 Guard Tower
32:47 Guard Tower
32:51 Scout Tower
34:43 Moon Well
34:51 Moon Well
34:59 Moon Well
35:06 Moon Well
35:20 Moon Well
35:57 Moon Well
36:00 Moon Well

»
crabe972 (
green | 45 APM | 1173 actions | 26:13)
5 Crypt Lord
1 Carrion Beetles
2 Impale
2 Spiked Carapace
3 Dreadlord
1 Vampiric Aura
1 Sleep
1 Carrion Swarm
1 Death Knight
1 Death Coil
» actions
| Assign group hotkey | 60 | |
| Build / train | 117 | |
| Enter build submenu | 20 | |
| Enter hero's abilities submenu | 9 | |
| Right click | 395 | |
| Select / deselect | 262 | |
| Select group hotkey | 186 | |
| Use ability | 124 | |
1173 total
» units
| Acolyte | 3 | |
| Ghoul | 17 | |
| Crypt Fiend | 1 | |
| Obsidian Statue | 8 | |
| Necromancer | 18 | |
| Meatwagon | 7 | |
| Frost Wyrm | 7 | |
61 total
» upgrades
| Exhume Corpses | 1 | |
| Skeletal Mastery | 3 | |
| Necromancer Training | 2 | |
| Freezing Breath | 1 | |
| Skeletal Longevity | 1 | |
8 total
» buildings
| Altar of Darkness | 1 | |
| Crypt | 3 | |
| Ziggurat | 6 | |
| Graveyard | 1 | |
| Nerubian Tower | 4 | |
| Tomb of Relics | 1 | |
| Spirit Tower | 1 | |
| Halls of the Dead | 1 | |
| Black Citadel | 1 | |
| Slaughterhouse | 1 | |
| Temple of the Damned | 1 | |
| Sacrificial Pit | 1 | |
| Boneyard | 3 | |
25 total
» build order
01:13 Altar of Darkness
01:17 Crypt
01:23 Ziggurat
01:47 Crypt
02:19 Graveyard
02:25 Nerubian Tower
02:25 Nerubian Tower
02:26 Nerubian Tower
02:26 Nerubian Tower
02:51 Ziggurat
02:56 Tomb of Relics
03:39 Crypt
04:08 Spirit Tower
04:58 Halls of the Dead
06:16 Ziggurat
08:00 Black Citadel
08:13 Slaughterhouse
08:50 Temple of the Damned
10:45 Sacrificial Pit
12:27 Boneyard
12:29 Boneyard
12:35 Ziggurat
14:55 Boneyard
19:17 Ziggurat
20:56 Ziggurat
» items
| Rod of Necromancy | 5 | |
| Potion of Lesser Invulnerability | 1 | |
| Orb of Corruption | 5 | |
11 total
Chat log
(00:49 / Allies) Shadow303: hi
(00:49 / Allies) Shadow303: cc
(00:52 / Allies) Shadow303: mass rifles here
(01:04 / Allies) xIAolOrd: fineds/destys
(01:12 / Allies) ArK-NoVa: archers to dotts dryads
(01:14 / Allies) Titans: ill mass gargz
(01:36 / Allies) Shadow303: wow
(01:44 / Allies) Titans: ?
(01:53 / Allies) Shadow303: must had been afk
(02:40 / Allies) Shadow303: tower rush?!
(02:48 / Allies) Shadow303: please check now
(03:17 / Allies) Shadow303: I'll tp with militia
(03:22 / Allies) ArK-NoVa: coming now
(03:56 / Allies) Titans: how did u kno
(04:48 / Allies) Titans: b
(05:05 / Allies) ArK-NoVa: coming back
(05:12 / Allies) Shadow303: i knew he'd tower rush
(05:16 / Allies) Shadow303: by his build
(05:22 / Allies) Shadow303: called scouting
(07:00 / Allies) ArK-NoVa: you heal heal teal?
(07:14 / Allies) Shadow303: no more heal
(07:19 / Allies) Shadow303: b
(07:30 / Allies) Titans: use blue
(07:46 / Allies) Titans: use potion
(08:13 / Allies) Shadow303: I'll have holy light soon
(08:16 / Allies) Shadow303: for DH
(08:30 / Allies) Shadow303: 47 MP
(08:55 / Allies) ArK-NoVa: im b
(09:11 / Allies) Shadow303: sorry I didn't had much
(09:14 / Allies) Shadow303: used militia
(09:17 / Allies) ArK-NoVa: its ok
(09:19 / Allies) Shadow303: for the tower rush
(09:29 / Allies) Shadow303: get those elf
(09:54 / Allies) Shadow303: wow
(09:56 / Allies) Shadow303: 2100 gold
(09:59 / Allies) Shadow303: seriously?
(10:02 / Allies) Shadow303: yellow
(10:05 / Allies) Shadow303: give us some NOW
(10:08 / Allies) Shadow303: and please
(10:09 / Allies) Titans: lol
(10:19 / Allies) Shadow303: pink you got 1500 gold
(10:19 / Allies) Shadow303: too
(10:23 / Allies) Shadow303: ty
(10:25 / Allies) Shadow303: but want more
(11:19 / Allies) Shadow303: who got melee?
(11:31 / Allies) Titans: not me
(12:00 / Allies) Shadow303: kay
(12:09 / Allies) Shadow303: no scroll
(12:22 / Allies) Shadow303: tp NOW
(12:57 / Allies) Shadow303: gold me
(13:30 / Allies) Titans: should hit
(13:51 / Allies) Shadow303: wood me please
(13:53 / Allies) Shadow303: gold too
(14:12 / Allies) Titans: take expo
(14:12 / Allies) Titans: teal
(14:35 / Allies) Titans: lets hit
(15:13 / Allies) Shadow303: hit something
(15:15 / Allies) Shadow303: all come
(15:31 / Allies) Titans: nice
(15:40 / Allies) Shadow303: uproot tree
(15:41 / Allies) Shadow303: repair
(15:42 / Allies) Shadow303: NOW
(16:33 / Allies) Shadow303: go go
(18:46 / Allies) ArK-NoVa: if you can teal keep my hero up
(18:48 / Allies) Shadow303: spend
(19:01 / Allies) Shadow303: sure
(19:03 / Allies) Shadow303: heal up
(19:54 / Allies) Titans: lumber plz
(20:03 / Allies) Shadow303: me too
(20:07 / Allies) Titans: hell yeah
(20:37 / Allies) Shadow303: forget orange
(23:25 / Allies) Shadow303: ty
(23:28 / Allies) Titans: they defend purp well
(23:54 / Allies) Shadow303: wood me noq
(24:09 / Allies) Shadow303: ty
(24:56 / Allies) Shadow303: gold me please
(25:03 / Allies) Shadow303: or defend this
(25:15 / Allies) Titans: omw
(25:44 / Allies) Titans: ownd
(26:07 / Allies) Titans: kill those machines
(26:26 / Allies) Titans: no more garz
(26:30 / Allies) Titans: those machines
(26:31 / Allies) Titans: ffs
(27:13 / Allies) Shadow303: give me gold
(27:14 / Allies) Shadow303: plz
(27:16 / Allies) Shadow303: and to blue
(27:18 / Allies) Shadow303: we're low
(27:45 / All) Shadow303: Goes To Show Scouter!
(29:26 / Allies) Shadow303: gj guys...
(29:34 / Allies) xIAolOrd: yup
(29:37 / All) xIAolOrd: gg
(29:40 / Allies) Titans: pink some lumber
(29:41 / Allies) Shadow303: thank Christ for this win, as well...
(29:43 / Allies) Shadow303: Amen
(29:54 / All) tony92: all the way to the end
(30:03 / All) tony92: i dont give up
(30:06 / Allies) Shadow303: blue take
(30:11 / All) Titans: thank allah
(30:18 / All) tony92: haha
(30:20 / Allies) xIAolOrd: ?
(30:28 / Allies) Titans: I NEED WOOD
(30:47 / Allies) xIAolOrd: im high my bad
(30:55 / Allies) Shadow303: use acolytes
(30:57 / Allies) Shadow303: make mine
(32:29 / Allies) ArK-NoVa: blue use acos for an expo
(34:15 / All) ArK-NoVa: good fight purp
(34:21 / All) tony92: gg
(34:23 / All) Titans: its for ALLAH
(34:30 / All) Shadow303: we saw you guys
(34:33 / All) Shadow303: early enough
(34:36 / All) Shadow303: for the tower rush to fail
(34:44 / All) Shadow303: i scouted with peasant
(34:50 / All) Shadow303: if peasant would had died
(34:55 / All) Shadow303: wouldn't saw it
(36:24 / All) Titans: ?
(36:25 / Allies) ArK-NoVa: move teal
(36:36 / All) Titans: leave bro